 Dungeon Crawl Stone Soup version 0.32-a0-132-g2d33c3cfaf (webtiles) character file.

Game seed: 8578350003682465671

438 Esekla the Covert (level 7, -6/48 HPs)
             Began as an Octopode Delver on Feb 9, 2024.
             Was an Initiate of Gozag.
             Mangled by a kobold brigand
             ... wielding a +0 spear
              (10 damage)
             ... on level 4 of the Dungeon.
             The game lasted 00:26:48 (3423 turns).

Esekla the Covert (Octopode Delver)                 Turns: 3423, Time: 00:26:48

Health: -6/48      AC:  1    Str: 11    XL:     7   Next: 1%
Magic:  9/9        EV: 14    Int: 15    God:    Gozag
Gold:   718        SH:  0    Dex: 13    Spells: 9/9 levels left

rFire   . . .        s - +1 dagger (venom)
rCold   . . .        (no shield)
rNeg    . . .        (helmet restricted)
rPois   .            (no amulet)
rElec   .            t - ring of flight
rCorr   .            (no ring)
SInv    .            (no ring)
Will    .....        (no ring)
Stlth   +++++        (no ring)
HPRegen 0.28/turn    (no ring)
MPRegen 0.11/turn    (no ring)
                     (no ring)

%: no passive effects
@: gold aura, flying
A: almost no armour, amphibious, 8 rings, camouflage 1, gelatinous body 1,
(nimble swimmer 1), tentacles
a: Renounce Religion, Potion Petition, Call Merchant, Bribe Branch


You were on level 4 of the Dungeon.
You worshipped Gozag.
Gozag was pleased with you.
You visited 1 branch of the dungeon, and saw 5 of its levels.

You collected 743 gold pieces.
You paid 25 gold pieces to Gozag.

Inventory:

Hand Weapons
 a - a +0 falchion
 r - a +0 spear
 s - a +1 dagger of venom (weapon)
Missiles
 j - 2 poisoned darts (quivered)
Jewellery
 t - a ring of flight (left tentacle)
Wands
 f - a wand of digging (1)
Scrolls
 b - 3 scrolls of fog
 c - 2 scrolls of teleportation {unknown}
 d - a scroll of fear
 g - a scroll of vulnerability {unknown}
 h - 2 scrolls of poison {unknown}
 i - 3 scrolls of identify {unknown}
 m - 2 scrolls of amnesia {unknown}
 n - 2 scrolls of enchant weapon {unknown}
 q - a scroll of silence {unknown}
 w - a scroll of revelation
 x - a scroll of immolation {unknown}
Potions
 e - a potion of haste
 k - a potion of attraction {unknown}
 l - a potion of enlightenment {unknown}
 o - a potion of brilliance {unknown}
 p - a potion of invisibility {unknown}
 u - a potion of might {unknown}
 v - a potion of curing {unknown}


   Skills:
 * Level 4.1 Fighting
 + Level 2.4(3.0) Short Blades
 + Level 2.3(2.8) Long Blades
 * Level 3.5 Dodging
 + Level 8.7 Stealth
 * Level 1.9 Spellcasting
 + Level 0.3 Evocations


You had 9 spell levels left.
You didn't know any spells.
Your spell library was empty.

Dungeon Overview and Level Annotations

Branches:
Dungeon (5/15)
 Temple: D:4-7

Altars:
Gozag
Nemelex Xobeh
Ru
Yredelemnul
Zin

Shops:
D:3 *

Annotations:
D:4 Robin


Innate Abilities, Weirdness & Mutations

You cannot wear most types of armour.
You are amphibious.
You can wear up to eight rings at the same time.
Your skin changes colour to match your surroundings (Stealth+).
Your rubbery body absorbs attacks. (AC +1, EV +1)
((You are camouflaged when in or above water. (Stealth+)))
You have tentacles for arms and can constrict up to eight enemies at once.


Message History

The goblin is distracted by your dazzling golden aura.
The goblin is no longer distracted by gold.
There is an open door here.
The goblin seems to regain its courage.
You hit the goblin but do no damage.
The goblin is poisoned.
You grab the goblin. You constrict the goblin. The goblin barely misses you.
You hit the goblin.
You kill the goblin!
The kobold brigand hits you from afar with a +0 spear!
Things that are here:
8 gold pieces; a +0 dagger The kobold brigand hits you with a +0 spear.
There is an open door here.
You hit the kobold brigand but do no damage.
The kobold brigand is poisoned.
Your grab misses the kobold brigand. Your squeeze misses the kobold brigand.
The kobold brigand hits you with a +0 spear!
* * * LOW HITPOINT WARNING * * *
You hit the kobold brigand.
The kobold brigand looks as sick as possible!
You grab the kobold brigand.
The kobold brigand is lightly wounded.
You constrict the kobold brigand.
Robin roars a battlecry!
Okay, then.
You hit the kobold brigand.
The kobold brigand looks as sick as possible!
You squeeze the kobold brigand.
The kobold brigand is heavily wounded.
You constrict the kobold brigand.
The kobold brigand hits you with a +0 spear.
* * * LOW HITPOINT WARNING * * *
You hit the kobold brigand.
The kobold brigand looks as sick as possible!
You tentacle-slap the kobold brigand.
The kobold brigand is severely wounded.
You constrict the kobold brigand.
The kobold brigand hits you with a +0 spear!
You die...
Your body crumbles into a pile of gold.

#...............
#.......########
#.).....# ##
#######'## #..
#.....#.# #...
#.....#'####....
#............#
######..........#.#
#.g.K@............#
#.####$...........####
#.# #.....##>........
#.# #.....####.......
#.# #######.......###
#.# #.......# #.#
#.......+ #K#
###.......# #.#
#.........#


You could see a kobold brigand (extremely poisoned) and Robin.

Vanquished Creatures
  2 scorpions (D:4)
  A jelly (D:4)
  A bombardier beetle (D:5)
  2 hounds (D:4)
  Natasha (thrice) (D:3)
  4 adders
  A ribbon worm (D:4)
  5 orcs
  7 endoplasms
  10 giant cockroaches
  12 goblins
  5 hobgoblins
  4 jackals (D:4)
  5 kobolds
  2 quokkas
  9 ball pythons
  3 bats
  7 frilled lizards
  7 rats
90 creatures vanquished.

Notes
Turn   | Place    | Note
-------+----------+-------------------------------------------
     0 | D:5      | Esekla the Octopode Delver began the quest for the Orb.
     0 | D:5      | Reached XP level 1. HP: 16/16 MP: 1/1
    23 | D:5      | Noticed an iguana
    51 | D:5      | Noticed an iguana
    71 | D:5      | Found an opulent altar of Gozag.
    88 | D:5      | Noticed a bombardier beetle
    88 | D:5      | Noticed an ogre
   105 | D:5      | Killed a bombardier beetle
   106 | D:5      | Reached skill level 7 in Stealth
   106 | D:5      | Reached XP level 2. HP: 21/21 MP: 2/2
   106 | D:5      | Reached XP level 3. HP: 26/26 MP: 3/3
   220 | D:5      | Became a worshipper of Gozag Ym Sagoz the Greedy
   455 | D:3      | Found a sacrificial altar of Ru.
   771 | D:1      | Upgraded the game from 0.32-a0-131-g9dbbe29261 to
                  | 0.32-a0-132-g2d33c3cfaf
  1213 | D:1      | Reached XP level 4. HP: 28/31 MP: 5/5
  1265 | D:1      | Reached skill level 1 in Spellcasting
  1520 | D:2      | Found a faded altar of an unknown god.
  2120 | D:3      | Found a glowing silver altar of Zin.
  2120 | D:3      | Found Zin's Purification Station.
  2147 | D:3      | Found a basalt altar of Yredelemnul.
  2148 | D:3      | Noticed Natasha
  2174 | D:3      | Killed Natasha
  2175 | D:3      | Reached skill level 1 in Short Blades
  2175 | D:3      | Reached XP level 5. HP: 36/36 MP: 6/6
  2262 | D:3      | Noticed Natasha
  2269 | D:3      | Killed Natasha
  2411 | D:3      | Noticed Natasha
  2429 | D:3      | Killed Natasha
  2728 | D:4      | Noticed a black bear
  2859 | D:4      | Found a sparkling altar of Nemelex Xobeh.
  2895 | D:4      | Noticed an ogre
  2907 | D:4      | Reached skill level 8 in Stealth
  2994 | D:4      | Reached XP level 6. HP: 22/42 MP: 8/8
  3354 | D:4      | Noticed Robin
  3390 | D:4      | Reached XP level 7. HP: 30/48 MP: 9/9
  3423 | D:4      | Mangled by a kobold brigand

Illustrated notes

Levels and vault maps discovered:
D:1:      nicolae_arrival_somewhat_less_tricky_arrival, layout_basic
D:2:      layout_basic, shapermc_ecumenical_altar_notcrosses
D:3:      layout_loops_cross, zin_purify, nicolae_ru_awakened_eye,
          mainiacjoe_overflow_brackets, uniq_natasha
D:4:      layout_basic, mainiacjoe_overflow_catwalk, minmay_starry_boxes,
          uniq_robin
D:5:      layout_basic, grunt_gozag_breadcrumbs, minmay_increasing_density

Skill      XL: |  1  2  3  4  5  6 |
---------------+-------------------+-----
Stealth        | 7 8 |  8.7
Spellcasting   | 1 |  1.9
Short Blades   | 1 2 |  2.4
Dodging        | 3 |  3.5
Fighting       | 4 |  4.1
Long Blades    | |  2.3
Evocations     | |  0.3

Action                     |  1- 3 |  4- 6 |  7- 9 || total
---------------------------+-------+-------+-------++-------
  Melee: Falchion          |    43 |     8 |       ||    51
         Constrict         |    12 |    19 |     5 ||    36
         Tentacles         |     5 |    18 |     1 ||    24
         Dagger            |    13 |   101 |     9 ||   123
         Punch             |     2 |     8 |     1 ||    11
  Throw: Dart              |       |     3 |       ||     3
  Evoke: Wand              |     2 |       |       ||     2
    Use: Scroll            |     1 |     1 |     1 ||     3
   Stab: Sleeping          |    12 |    26 |       ||    38
         Distracted        |       |     1 |       ||     1
 Armour: Skin              |    26 |    29 |    10 ||    65
  Dodge: Dodged            |    17 |    38 |     4 ||    59

Table legend: (Time is in decaauts)
 A = Elapsed time spent in this place.
 B = Non-inter-level travel time spent in this place.
 C = Inter-level travel time spent in this place.
 D = Time resting spent in this place.
 E = Time spent auto-exploring this place.
 F = Levels seen in this place.
 G = Mean time per level.
                   A        B        C        D        E       F      G
               +--------+--------+--------+--------+--------+-----+--------+
         Total |   3416 |   3339 |     77 |    140 |   1018 |   5 |  683.2 |
       Dungeon |   3416 |   3339 |     77 |    140 |   1018 |   5 |  683.2 |
               +--------+--------+--------+--------+--------+-----+--------+

Top non-repeatable levels by time:
     D:4: 869 daAuts
     D:1: 789 daAuts
     D:3: 769 daAuts
     D:2: 756 daAuts
     D:5: 232 daAuts
